 Dungeon Crawl Stone Soup version 0.31.0-12-g77e489cdc1 (webtiles) character file.

Game seed: 15455048599517142103

462 Gadfly the Covered (level 6, -2/51 HPs)
             Began as an Armataur Fighter on Feb 29, 2024.
             Was an Initiate of Elyvilon.
             Slain by a gnoll
             ... wielding a +0 halberd
             ... led by a gnoll bouda
              (9 damage)
             ... on level 4 of the Dungeon.
             The game lasted 00:05:55 (4003 turns).

Gadfly the Covered (Armataur Fighter)               Turns: 4003, Time: 00:05:55

Health: -2/51      AC: 10    Str: 21    XL:     6   Next: 79%
Magic:  8/8        EV:  3    Int:  8    God:    Elyvilon [......]
Gold:   85         SH:  8    Dex: 12    Spells: 2/5 levels left

rFire   . . .        a - +0 flail
rCold   . . .        m - +0 kite shield
rNeg    . . .        h - +0 plate armour
rPois   .            (no helmet)
rElec   .            (no cloak)
rCorr   .            (no gloves)
SInv    .            (no barding)
Will    .....        j - amulet of faith Stlth
                     (no ring)
HPRegen 0.28/turn    (no ring)
MPRegen 0.44/turn

%: roll, faith
@: no status effects
A: large, deformed body, tough skin 3, armoured tail, roll 1
a: Renounce Religion


You were on level 4 of the Dungeon.
You worshipped Elyvilon.
Elyvilon was noncommittal.
You visited 2 branches of the dungeon, and saw 5 of its levels.

You collected 93 gold pieces.
You donated 8 gold pieces to Zin.

Inventory:

Hand Weapons
 a - a +0 flail (weapon)
Armour
 h - a +0 plate armour (worn)
 m - a +0 kite shield (worn)
Jewellery
 j - an amulet of faith (around neck)
Wands
 g - a wand of polymorph (9) (quivered)
 l - a wand of charming (7)
Scrolls
 b - a scroll of teleportation
 i - 2 scrolls of identify
 k - a scroll of poison
Potions
 d - 2 potions of might
 e - 2 potions of curing
 f - 2 potions of lignification


   Skills:
 + Level 3.4 Fighting
 * Level 3.5 Maces & Flails
 + Level 4.5 Armour
 + Level 4.1 Shields
 * Level 3.0 Invocations
 * Level 3.1 Evocations


You had 2 spell levels left.
You knew the following spells:

 Your Spells              Type           Power      Damage    Failure   Level
a - Swiftness             Air            0%         N/A       100%        3

Your spell library contained the following spells:

 Spells                   Type           Power      Damage    Failure   Level
 Magic Dart               Conj           0%         1d3       100%        1
 Ensorcelled Hibernation  Hex/Ice        0%         N/A       100%        2
 Searing Ray              Conj           0%         2d4       100%        2
 Gell's Gravitas          Tloc           0%         N/A       100%        3
 Passwall                 Erth           0%         N/A       100%        3
 Teleport Other           Tloc           0%         N/A       100%        3
 Fulminant Prism          Conj/Alch      0%         3d5       100%        4
 Dispersal                Tloc           0%         N/A       100%        6


Dungeon Overview and Level Annotations

Branches:
Dungeon (4/15)             Temple (1/1) D:4

Altars:
Ashenzari
Dithmenos
Elyvilon
Fedhas
Gozag
Hepliaklqana
Kikubaaqudgha
Makhleb
Nemelex Xobeh
Okawaru
Qazlal
Ru
Sif Muna
Uskayaw
Vehumet
Wu Jian
Xom
Yredelemnul
Zin

Annotations:
D:4 1 runed translucent door, 2 transporters, TheCrowQ's ghost, novice DsSh


Innate Abilities, Weirdness & Mutations

Armour fits poorly on your strangely shaped body.
You have extremely tough skin. (AC +3)
You have a long armoured tail.
You regenerate magic when rolling toward enemies. (Rampage MPRegen)


Message History

You block the gnoll's attack. x2
The gnoll bouda attacks as it pursues you!
The gnoll bouda hits you with a +0 whip of electrocution.
You open the door.
An endoplasm comes into view.
The gnoll is no longer moving quickly.
The gnoll hits you but does no damage. You block the gnoll's attack.
The gnoll hits you but does no damage.
The gnoll bouda calls upon its god to heal the gnoll.
The gnoll's wounds heal themselves!
You roll towards the endoplasm!
The gnoll hits you with a +0 club. You block the endoplasm's attack.
The endoplasm hits you but does no damage.
The gnoll is no longer moving quickly.
The gnoll attacks as it pursues you! The gnoll hits you but does no damage.
The gnoll bouda barks out a call to the hunt!
The gnolls pick up the pace!
The endoplasm freezes you.
You are frozen.
The gnoll attacks as it pursues you! You block the gnoll's attack.
The gnoll bouda barks out a call to the hunt!
The gnoll picks up the pace!
You open the door.
The gnoll throws a throwing net.
The throwing net hits you.
You become entangled in the net!
The gnoll hits you with a +0 club.
The endoplasm hits you but does no damage.
You struggle against the net.
The gnoll hits you from afar with a +0 halberd!
* * * LOW HITPOINT WARNING * * *
The gnoll hits you but does no damage.
The endoplasm hits you but does no damage.
The gnoll barely misses you.
You struggle against the net.
The gnoll hits you from afar with a +0 halberd.
* * * LOW HITPOINT WARNING * * *
The gnoll hits you but does no damage. The endoplasm freezes you.
You are frozen.
* * * LOW HITPOINT WARNING * * *
You shred the net and break free!
The gnoll hits you from afar with a +0 halberd!
You die...

#.....†...%.#.....#....#
#.....#.....#.....#....#
.......#.....#.....#....#
......g#'#####.....#....#
.......#...#.......#....##
$."....#.g.#.......#.....# .
.<.....#gg.#.......'...... ...
.......#J..###.##..###+##. ....
#g@g##...#..##...#. ....
###'.+.⌠.##.##.⌠.'. ...
...........#....#.#....## .#
#..........##...###...## .#
#..........##....#....# .#
#..........+ #.......## .#
#..........# #.<.⌠.>.#
.######+#..........###.......##
...........†........#....#....#


You could see a gnoll bouda, 4 gnolls and an endoplasm.

Vanquished Creatures
  Sigmund (D:2)
  A gnoll sergeant (D:4)
  An iguana (D:4)
  Natasha (thrice) (D:2)
  An orc wizard (D:4)
  A gnoll (D:4)
  An adder (D:2)
  A shadow imp (D:3)
  A ribbon worm (D:2)
  2 dart slugs (D:2)
  7 orcs
  5 endoplasms
  3 giant cockroaches
  6 goblins
  9 hobgoblins
  2 jackals (D:1)
  2 quokkas
  7 ball pythons
  2 bats
  7 frilled lizards
  3 kobolds
  6 rats
72 creatures vanquished.

Vanquished Creatures (collateral kills)
  An adder (D:4)
  2 gnolls (D:4)
3 creatures vanquished.

Grand Total: 75 creatures vanquished

Notes
Turn   | Place    | Note
-------+----------+-------------------------------------------
     0 | D:1      | Gadfly the Armataur Fighter began the quest for the Orb.
     0 | D:1      | Reached XP level 1. HP: 18/18 MP: 1/1
   153 | D:1      | Reached XP level 2. HP: 25/25 MP: 2/2
   474 | D:1      | Reached skill level 1 in Evocations
   821 | D:2      | Reached skill level 1 in Invocations
   822 | D:2      | Reached XP level 3. HP: 30/30 MP: 3/3
  1210 | D:2      | Found a faded altar of an unknown god.
  1215 | D:2      | Noticed Sigmund
  1238 | D:2      | Killed Sigmund
  1239 | D:2      | Reached XP level 4. HP: 18/38 MP: 3/5
  1239 | D:2      | Reached XP level 5. HP: 21/45 MP: 3/6
  1568 | D:2      | Found an iron altar of Okawaru.
  1589 | D:2      | Noticed Natasha
  1604 | D:2      | HP: 1/45 [Natasha (6)]
  1605 | D:2      | Killed Natasha
  2172 | D:2      | Noticed Natasha
  2180 | D:2      | Killed Natasha
  2181 | D:2      | Reached XP level 6. HP: 41/51 MP: 7/7
  2525 | D:2      | Noticed Natasha
  2532 | D:2      | Killed Natasha
  2776 | D:3      | Found a radiant altar of Vehumet.
  2777 | D:3      | Found a glowing silver altar of Zin.
  2818 | D:3      | Became a worshipper of Zin the Law-Giver
  2915 | D:3      | Reached * piety under Zin
  3234 | D:3      | Learned a level 3 spell: Swiftness
  3310 | D:4      | Found a staircase to the Ecumenical Temple.
  3319 | Temple   | Entered the Ecumenical Temple
  3346 | Temple   | Fell from the grace of Zin
  3346 | Temple   | Became a worshipper of Elyvilon the Healer
  3390 | D:4      | Found a runed translucent door.
  3449 | D:4      | Found a transporter.
  3453 | D:4      | Noticed TheCrowQ's ghost (novice DsSh)
  3461 | D:4      | HP: 1/51 [gnoll sergeant/+0 trident (11)]
  3466 | D:4      | Found a transporter.
  4003 | D:4      | Slain by a gnoll

Illustrated notes

Levels and vault maps discovered:
D:1:      evilmike_arrival_fibonacci_small, layout_rooms
D:2:      layout_basic, basic_altar, basic_ecumenical_altar, uniq_natasha,
          uniq_sigmund
D:3:      layout_loops_cross, gammafunk_temple_overflow_pools
D:4:      gammafunk_wand_slinger, layout_gridville, lemuel_temple_firewalk_a,
          ebering_ghost_sewer_d, grunt_ministairs_13
Temple:   nicolae_temple_elliptical

Skill      XL: |  1  2  3  4  5  6 |
---------------+-------------------+-----
Maces & Flails | 2 3 |  3.5
Evocations     | 1 2 3 |  3.1
Invocations    | 1 2 3 |  3.0
Fighting       | 3 |  3.4
Armour         | 4 |  4.5
Shields        | 4 |  4.1

Action                     |  1- 3 |  4- 6 || total
---------------------------+-------+-------++-------
  Melee: Flail             |   109 |   115 ||   224
         Tailslap          |     8 |    12 ||    20
         Unarmed           |       |    11 ||    11
  Evoke: Wand              |       |     1 ||     1
    Use: Scroll            |     5 |     2 ||     7
         Potion            |       |     3 ||     3
 Armour: Scale mail        |    63 |       ||    63
         Plate armour      |    23 |   148 ||   171
         Skin              |       |     7 ||     7
  Dodge: Dodged            |    33 |    21 ||    54
  Block: Buckler           |    25 |    21 ||    46
         Kite shield       |       |    22 ||    22
